 Dungeon Crawl Stone Soup version 0.29-a0-243-g602b31c20e (webtiles) character file.

Game seed: 3041014131534799944

26 timneilson the Shield-Bearer (level 3, -1/34 HPs)
             Began as a Gargoyle Fighter on Mar 4, 2022.
             Slain by Sigmund
             ... wielding a +4 scythe
              (6 damage)
             ... on level 2 of the Dungeon.
             The game lasted 00:01:54 (1000 turns).

timneilson the Shield-Bearer (Gargoyle Fighter)     Turns: 1000, Time: 00:01:55

Health: -1/34      AC: 21    Str: 21    XL:     3   Next: 8%
Magic:  0/3        EV:  2    Int:  8    God:
Gold:   40         SH:  5    Dex:  9    Spells: 2/2 levels left

rFire   . . .      SeeInvis .   a - +0 long sword
rCold   . . .      Faith    .   c - +1 buckler
rNeg    + . .      Spirit   +   (body armour currently unavailable)
rPois   ∞          Reflect  .   (helmet currently unavailable)
rElec   .          Harm     .   (cloak currently unavailable)
rCorr   .          Rampage  .   (gloves currently unavailable)
Will    .....      NoTele   +   (boots currently unavailable)
Stlth   +.........              e - amulet of guardian spirit
HPRegen 0.11/turn               (no ring)
MPRegen 0.08/turn               (no ring)

@: mighty, tree-form, on berserk cooldown, slowed, very slow
A: stationary, stasis, torment immunity, boosted hp, sickness immunity, AC +3,
negative energy resistance 1, (electricity resistance), torment resistance 1,
petrification resistance
a: no special abilities


You were on level 2 of the Dungeon.
You were a tree.
You visited 1 branch of the dungeon, and saw 2 of its levels.

You collected 40 gold pieces.

Inventory:

Hand Weapons
 a - a +0 long sword (weapon)
Armour
 b - a +0 scale mail (melded)
 c - a +1 buckler (worn)
 g - a +0 pair of boots (melded)
Jewellery
 e - an amulet of guardian spirit (around neck)
Scrolls
 f - a scroll of teleportation
Potions
 d - a potion of might
 h - a potion of heal wounds


   Skills:
 + Level 3.5 Fighting
 * Level 2.2 Long Blades
 * Level 3.6 Armour
 + Level 0.2 Dodging
 * Level 3.7 Shields


You had 2 spell levels left.
You didn't know any spells.
Your spell library was empty.

Dungeon Overview and Level Annotations

Branches:
Dungeon (2/15)

Altars:

Annotations:
D:2 Sigmund


Innate Abilities, Weirdness & Mutations

You are a tree.
Your roots penetrate the ground, keeping you stationary.
You cannot be teleported.
You are immune to unholy pain and torment.
Your maximum health is greatly increased.
Your equipment is partially melded.
You are immune to sickness and miasma.
((Your stone body is resilient. (AC +3)))
You are immune to poison.
You resist negative energy. (rN+)
((You are resistant to electric shocks. (rElec)))
You are resistant to unholy torment.
You are immune to petrification.


Message History

Sigmund points at you and mumbles some strange words.
The magic dart hits you but does no damage.
You completely miss the endoplasm.
The endoplasm hits you but does no damage.
Sigmund hits you but does no damage.
The endoplasm hits you but does no damage.
You barely miss the endoplasm.
The endoplasm hits you but does no damage.
Sigmund gestures at you while chanting. The puff of flame hits you!
You hit the endoplasm.
The endoplasm is almost dead.
Sigmund gestures wildly while chanting.
Sigmund flickers and vanishes!
Deactivating autopickup; reactivate with Ctrl-A.
The endoplasm hits you but does no damage.
You slash the endoplasm!
You kill the endoplasm!
Something hits you but does no damage.
A magic dart appears from out of thin air!
The magic dart hits you but does no damage.
Something hits you but does no damage.
It was a potion of berserk rage.
A red film seems to cover your vision as you go berserk!
You feel yourself moving faster!
You feel mighty! Something hits you but does no damage.
You cannot move.
You cannot move.
You cannot move.
You feel a strong urge to attack something.
You feel your anger nearly subside. Something hits you.
You are no longer berserk.
You are exhausted.
You feel yourself slow down. Something hits you. Something hits you!
* * * LOW HITPOINT WARNING * * *
Something hits you!
You die...

#. #.## #..# #..#
#..# #..# .. #.{##
....###..†#######
.........♣.......
#######.#.#######
#..............
#.#####.#.#####
#.#.. ......
########.#.###...###
.................#
####...[..........
..................#


There were no monsters in sight!

Vanquished Creatures
  A ball python (D:1)
  3 endoplasms
  A goblin (D:2)
  2 hobgoblins (D:1)
  4 kobolds (D:1)
  2 quokkas (D:1)
  5 bats
  2 frilled lizards (D:1)
  4 rats
24 creatures vanquished.

Notes
Turn   | Place    | Note
-------+----------+-------------------------------------------
     0 | D:1      | timneilson the Gargoyle Fighter began the quest for the
                  | Orb.
     0 | D:1      | Reached XP level 1. HP: 14/14 MP: 1/1
   358 | D:1      | Reached XP level 2. HP: 15/19 MP: 2/2
   916 | D:2      | Reached XP level 3. HP: 22/23 MP: 3/3
   971 | D:2      | Noticed Sigmund
  1000 | D:2      | Slain by Sigmund

Illustrated notes

Levels and vault maps discovered:
D:1:      roderic_chinese_lattice_arrival, layout_rooms, minmay_liquid_box
D:2:      layout_basic, chequers_arboretum, dk_noncrumbling_3, uniq_sigmund

Skill      XL: |  1 |
---------------+----+-----
Long Blades    | 2 |  2.2
Fighting       | |  3.5
Armour         | |  3.6
Dodging        | |  0.2
Shields        | |  3.7

Action                   || total
-------------------------++-------
Melee: Long sword        ||    98
  Use: Scroll            ||     4
       Potion            ||     3
Armor: Scale mail        ||    83
       Skin              ||    18
Dodge: Dodged            ||    59
Block: Buckler           ||    19

Table legend: (Time is in decaauts)
 A = Elapsed time spent in this place.
 B = Non-inter-level travel time spent in this place.
 C = Inter-level travel time spent in this place.
 D = Time resting spent in this place.
 E = Time spent auto-exploring this place.
 F = Levels seen in this place.
 G = Mean time per level.
                   A        B        C        D        E       F      G
               +--------+--------+--------+--------+--------+-----+--------+
         Total |   1033 |   1001 |     32 |      0 |    739 |   2 |  516.5 |
       Dungeon |   1033 |   1001 |     32 |      0 |    739 |   2 |  516.5 |
               +--------+--------+--------+--------+--------+-----+--------+

Top non-repeatable levels by time:
     D:1: 926 daAuts
     D:2: 106 daAuts
